 Dungeon Crawl Stone Soup version 0.27.1-4-g1640c2035a (webtiles) character file.

Game seed: 6706816732552163979

9261 ABBCCCDDDD the Blocker (level 11, -4/127 HPs)
             Began as a Hill Orc Delver on Nov 1, 2021.
             Was a High Priest of Trog.
             Slain by Fannar (14 damage)
             ... on level 10 of the Dungeon.
             The game lasted 00:14:10 (14875 turns).

ABBCCCDDDD the Blocker (Hill Orc Delver)           Turns: 14875, Time: 00:14:10

Health: -4/127     AC: 20    Str: 19    XL:     11   Next: 43%
Magic:  11/11      EV:  6    Int: 10    God:    Trog [*****.]
Gold:   785        SH: 13    Dex: 12    Spells: 10/10 levels left

rFire    . . .     SeeInvis .   A - +0 war axe
rCold    . . .     Faith    .   s - +0 kite shield
rNeg     . . .     Spirit   .   L - +0 plate armour
rPois    +         Reflect  .   (no helmet)
rElec    .         Harm     .   B - +0 cloak
rCorr    .         Rampage  +   H - +1 pair of gloves
Will     .....                  a - +1 pair of boots {rampage}
Stlth    ..........             (no amulet)
HPRegen  0.31/turn              n - ring of poison resistance
MPRegen  0.12/turn              (no ring)

@: berserking (expiring), very quick
A: no striking features
a: Renounce Religion, Berserk, Trog's Hand, Brothers in Arms


You were on level 10 of the Dungeon.
You worshipped Trog.
Trog was extremely pleased with you.
You visited 1 branch of the dungeon, and saw 10 of its levels.

You collected 785 gold pieces.

Inventory:

Hand Weapons
 A - a +0 war axe (weapon)
 M - a +0 falchion of flaming
Missiles
 b - a throwing net
 i - a curare-tipped dart
 p - 62 poisoned darts (quivered)
Armour
 a - a +1 pair of boots of rampaging (worn)
 s - a +0 kite shield (worn)
 B - a +0 cloak (worn)
 H - a +1 pair of gloves (worn)
 L - a +0 plate armour (worn)
Jewellery
 n - a ring of poison resistance (left hand)
 u - an amulet of faith
 F - a ring of fire
Wands
 g - a wand of digging (8)
 y - a wand of iceblast (20)
 K - a wand of flame (13)
Scrolls
 c - 2 scrolls of fog
 d - a scroll of magic mapping
 e - 2 scrolls of noise {unknown}
 j - 7 scrolls of identify {unknown}
 k - 7 scrolls of teleportation {unknown}
 q - 3 scrolls of vulnerability {unknown}
 r - a scroll of brand weapon {unknown}
 v - 2 scrolls of enchant weapon {unknown}
 x - a scroll of fear
 D - 2 scrolls of amnesia {unknown}
Potions
 f - a potion of haste
 h - 4 potions of magic {unknown}
 l - 3 potions of cancellation {unknown}
 m - 2 potions of ambrosia {unknown}
 o - a potion of flight {unknown}
 t - a potion of might {unknown}
 w - 2 potions of resistance {unknown}
 z - 3 potions of brilliance {unknown}
 C - a potion of lignification {unknown}
 E - 3 potions of curing {unknown}
 G - a potion of heal wounds {unknown}
 I - a potion of attraction {unknown}
 J - a potion of berserk rage


   Skills:
 - Level 4.6 Fighting
 + Level 12.0 Axes
 + Level 9.5 Armour
 - Level 1.5 Dodging
 - Level 4.1 Stealth
 * Level 12.6 Shields


You had 10 spell levels left.
You didn't know any spells.
Your spell library was empty.

Dungeon Overview and Level Annotations

Branches:
Dungeon (10/15)            Temple (0/1) D:6             Orc (0/2) D:9
   Lair: D:8-11

Altars:
Kikubaaqudgha
Makhleb
Qazlal
Ru
Trog

Shops:
D:2 =

Annotations:
D:8 exclusions: ice statue and obsidian statue
D:10 Fannar


Message History

Fannar is moderately wounded.
You closely miss the ice beast. You block the ice beast's attack.
Fannar hits you but does no damage. Fannar freezes you!
You closely miss Fannar.
Fannar is moderately wounded.
You slash the ice beast! You block the ice beast's attack.
Fannar hits you but does no damage. Fannar freezes you!
* * * LOW HITPOINT WARNING * * *
You barely miss Fannar.
Fannar is moderately wounded.
You closely miss the ice beast. You hit Fannar.
Fannar is moderately wounded.
You barely miss the ice beast. You block the ice beast's attack.
Fannar barely misses you.
Your plate armour prevents you from hitting Fannar.
Fannar is moderately wounded.
You closely miss the ice beast.
Your skin stops crawling.
You feel less strong-willed.
The ice beast hits you but does no damage.
You slice Fannar!!
Fannar is severely wounded.
You slash the ice beast!
You kill the ice beast!
Fannar gestures at you while chanting. The bolt of cold hits you!
* * * LOW HITPOINT WARNING * * *
You hit Fannar.
Fannar is severely wounded.
Fannar mumbles some strange words.
Fannar drains the heat from the surrounding environment!
* * * LOW HITPOINT WARNING * * *
You hit Fannar.
Fannar is severely wounded.
You slash Fannar!
Fannar is almost dead.
Fannar hits you with a staff of cold.
* * * LOW HITPOINT WARNING * * *
Fannar freezes you!
You die...

.#........# .'........#
.... ##........# ....
#######+## .... #.#
##.). #.# ##...#### #.#
#.......# ######'##
#.e.....# #.......#
###@......#
###)......####.'.......#
..).......'(...#.....?.#
###)......######.......#
######### #.[.....#
#.......# #########


You could see Fannar.

Levels and vault maps discovered:
D:1:      heliophobic_arrival_ceremonial_halls, layout_basic,
          hellmonk_ecumenical_altar_zigzags
D:2:      layout_basic, serial_shops, nicolae_shop_stone, uniq_robin
D:3:      layout_basic
D:4:      minmay_evil_eye, layout_rooms, nicolae_ru_sacrificial_ziggurat,
          uniq_grinder
D:5:      layout_loops_corners, amcnicky_altar_gilded,
          mainiacjoe_overflow_alcove_1, uniq_crazy_yiuf_cottage
D:6:      layout_basic, minmay_temple_entry_glassed_door,
          mumra_transporter_accident
D:7:      layout_gridville, nicolae_qazlal_scattered_showers,
          minmay_ruined_shrine, uniq_menkaure, uniq_duvessa
D:8:      minmay_separated_statues, layout_rooms, palyth_stone_intersect,
          minivault_14
D:9:      layout_long_grid, david_orc_4, kennysheep_small_spiral,
          hellmonk_bongcloud_opening
D:10:     layout_roguey, uniq_psyche, uniq_nergalle, uniq_fannar

Notes
Turn   | Place    | Note
-------+----------+-------------------------------------------
     0 | D:5      | ABBCCCDDDD the Hill Orc Delver began the quest for the Orb.
     0 | D:5      | Reached XP level 1. HP: 19/19 MP: 1/1
    15 | D:5      | Found a runed translucent door.
    16 | D:5      | Noticed Crazy Yiuf
    98 | D:5      | Found a bloodstained altar of Trog.
   119 | D:5      | Became a worshipper of Trog the Wrathful
   263 | D:4      | Noticed a black bear
   295 | D:5      | Reached skill level 1 in Armour
   295 | D:5      | Reached XP level 2. HP: 14/27 MP: 2/2
   295 | D:5      | Reached XP level 3. HP: 17/33 MP: 3/3
   664 | D:4      | Noticed an ogre
   753 | D:5      | Noticed an ogre
  1048 | D:3      | Reached XP level 4. HP: 40/40 MP: 4/4
  1559 | D:2      | Noticed Robin
  1939 | D:1      | Reached * piety under Trog
  2144 | D:1      | Found a faded altar of an unknown god.
  2251 | D:1      | Reached skill level 5 in Axes
  2576 | D:1      | Reached XP level 5. HP: 34/47 MP: 5/5
  2726 | D:2      | Reached ** piety under Trog
  2740 | D:2      | Killed Robin
  2964 | D:2      | Found Oddaly's Jewellery Boutique.
  2984 | D:2      | Reached skill level 1 in Shields
  4317 | D:4      | Found a sacrificial altar of Ru.
  4326 | D:4      | Noticed an ogre
  4339 | D:4      | Killed an ogre
  4340 | D:4      | Reached XP level 6. HP: 24/53 MP: 6/6
  4988 | D:4      | Reached *** piety under Trog
  5036 | D:4      | Noticed Grinder
  5048 | D:4      | Killed a black bear
  5049 | D:4      | Reached XP level 7. HP: 60/60 MP: 7/7
  5187 | D:4      | Paralysed by Grinder for 4 turns
  5200 | D:4      | Killed Grinder
  5201 | D:4      | Reached skill level 5 in Shields
  5867 | D:5      | Reached XP level 8. HP: 44/67 MP: 8/8
  6856 | D:5      | Reached skill level 5 in Armour
  6980 | D:5      | Found a burning altar of Makhleb.
  7230 | D:5      | Killed Crazy Yiuf
  8032 | D:6      | Reached XP level 9. HP: 56/72 MP: 9/9
  8494 | D:6      | Found a staircase to the Ecumenical Temple.
  9618 | D:7      | Noticed Menkaure
  9625 | D:7      | Killed Menkaure
  9834 | D:7      | Noticed Duvessa
  9834 | D:7      | Noticed Dowan
  9844 | D:7      | Killed Dowan
  9847 | D:7      | Killed Duvessa
 10018 | D:7      | Reached **** piety under Trog
 10022 | D:7      | Found a stormy altar of Qazlal.
 10107 | D:7      | Reached XP level 10. HP: 80/80 MP: 10/10
 10147 | D:7      | Reached skill level 10 in Axes
 10147 | D:7      | Reached skill level 10 in Shields
 10673 | D:7      | Found an ancient bone altar of Kikubaaqudgha.
 11607 | D:8      | Noticed a two-headed ogre
 11616 | D:8      | Killed a two-headed ogre
 11898 | D:8      | Noticed an ice statue
 12034 | D:8      | Noticed an obsidian statue
 12405 | D:9      | Reached ***** piety under Trog
 12590 | D:9      | Reached XP level 11. HP: 65/85 MP: 11/11
 14039 | D:9      | Found a staircase to the Orcish Mines.
 14121 | D:10     | Entered Level 10 of the Dungeon
 14132 | D:10     | Noticed Nergalle
 14144 | D:10     | Killed Nergalle
 14656 | D:10     | Noticed Psyche
 14669 | D:10     | Killed Psyche
 14851 | D:10     | Noticed Fannar
 14875 | D:10     | Slain by Fannar

Table legend: (Time is in decaauts)
 A = Elapsed time spent in this place.
 B = Non-inter-level travel time spent in this place.
 C = Inter-level travel time spent in this place.
 D = Time resting spent in this place.
 E = Time spent auto-exploring this place.
 F = Levels seen in this place.
 G = Mean time per level.
                   A        B        C        D        E       F      G
               +--------+--------+--------+--------+--------+-----+--------+
         Total |  15345 |  14892 |    453 |   6420 |   5976 |  10 | 1534.5 |
       Dungeon |  15345 |  14892 |    453 |   6420 |   5976 |  10 | 1534.5 |
               +--------+--------+--------+--------+--------+-----+--------+

Top non-repeatable levels by time:
     D:5: 2777 daAuts
     D:6: 2118 daAuts
     D:9: 1676 daAuts
     D:8: 1564 daAuts
     D:4: 1550 daAuts
     D:2: 1416 daAuts
     D:7: 1193 daAuts
     D:1: 1152 daAuts
     D:3: 1118 daAuts
    D:10: 775 daAuts

Table legend:
 A = Kills in this place as a percentage of kills in entire the game.
 B = Kills by you in this place as a percentage of kills by you in the entire game.
 C = Kills by friends in this place as a percentage of kills by friends in the entire game.
 D = Other kills in this place as a percentage of other kills in the entire game.
 E = Experience gained in this place as a percentage of experience gained in the entire game.
 F = Experience gained in this place divided by the number of levels of this place that you have seen.
                   A       B       C       D       E      F
               +-------+-------+-------+-------+-------+----------------------
         Total | 100.0 | 100.0 |   N/A | 100.0 | 100.0 | 1323.1
       Dungeon | 100.0 | 100.0 |   N/A | 100.0 | 100.0 | 1323.1
               +-------+-------+-------+-------+-------+----------------------

Action                   |  1- 3 |  4- 6 |  7- 9 | 10-12 || total
-------------------------+-------+-------+-------+-------++-------
Melee: Hand axe          |    71 |   247 |   112 |       ||   430
       War axe           |       |       |   262 |   483 ||   745
Throw: Dart              |       |       |       |     4 ||     4
Invok: Berserk           |       |     6 |    15 |    20 ||    41
       Trog's Hand       |       |       |     2 |     9 ||    11
  Use: Scroll            |       |     1 |       |       ||     1
Armor: Chain mail        |    58 |   172 |   187 |    93 ||   510
       Plate armour      |       |       |       |   134 ||   134
Dodge: Dodged            |    24 |    70 |    91 |   101 ||   286
Block: Kite shield       |       |    55 |   213 |   296 ||   564

Vanquished Creatures
  A two-headed ogre (D:8)
  Nergalle (D:10)
  Psyche (D:10)
  A komodo dragon (D:10)
  A troll (D:10)
  Grinder (D:4)
  5 steam dragons
  Menkaure (D:7)
  An acid dragon (D:6)
  Duvessa (D:7)
  3 water moccasins
  13 orc warriors
  A black bear (D:4)
  2 necrophages
  3 ogres
  4 centaurs
  2 phantoms
  4 kobold brigands
  2 bullfrogs (D:7)
  A gnoll sergeant (D:8)
  2 scorpions
  A water moccasin zombie (D:6)
  A wyvern zombie (D:7)
  A wyvern skeleton (D:6)
  Dowan (D:7)
  A howler monkey (D:5)
  20 wights
  A bullfrog zombie (D:6)
  7 hounds
  6 centaur zombies
  A jelly (D:5)
  15 orc priests
  Crazy Yiuf (D:5)
  2 centaur skeletons
  3 iguanas
  A bullfrog skeleton (D:5)
  6 orc wizards
  A hound zombie (D:5)
  Robin (D:2)
  11 gnolls
  10 adders
  2 shadow imps
  A white imp (D:7)
  A worm (D:2)
  A dart slug (D:1)
  34 orcs
  8 ball pythons
  4 bats
  9 endoplasms
  A giant cockroach (D:2)
  12 hobgoblins
  16 jackals
  25 kobolds
  2 quokkas (D:4)
  4 frilled lizards
  14 goblins
  3 rats
279 creatures vanquished.

Vanquished Creatures (others)
  An orc priest (D:10)
  An orc (D:10)
2 creatures vanquished.

Grand Total: 281 creatures vanquished
